 Dungeon Crawl Stone Soup version 0.19-b1-4-gd8a0a2a (webtiles) character file.

647 nikopol the Chopper (level 7, 0/63 HPs)
             Began as a Hill Orc Berserker on Oct 30, 2016.
             Was a Priest of Trog.
             Succumbed to an adder's poison
             ... on level 4 of the Dungeon.
             The game lasted 00:13:01 (4261 turns).

nikopol the Chopper (Hill Orc Berserker)            Turns: 4261, Time: 00:13:02

Health: 0/63       AC:  6    Str: 20    XL:     7   Next: 52%
Magic:  7/7        EV: 12    Int:  7    God:    Trog [***...]
Gold:   102        SH:  0    Dex: 12    Spells: 0 memorised, 6 levels left

rFire  . . .     SeeInvis .     a - +0 hand axe
rCold  . . .     Gourm    .     n - -1 ring mail (curse)
rNeg   . . .     Faith    .     (no shield)
rPois  .         Spirit   .     e - +0 helmet
rElec  .         Reflect  .     (no cloak)
rCorr  .         Harm     .     (no gloves)
MR     .....                    (no boots)
Stlth  +.........               (no amulet)
                                (no ring)
                                (no ring)

@: lethally poisoned (0 -> -2), exhausted, slowed, very slow
A: no striking features
a: Berserk, Trog's Hand, Burn Spellbooks, Renounce Religion


You were on level 4 of the Dungeon.
You worshipped Trog.
Trog was most pleased with you.
You were not hungry.

You visited 1 branch of the dungeon, and saw 4 of its levels.

You collected 102 gold pieces.

Inventory:

Hand Weapons
 a - a +0 hand axe (weapon)
Missiles
 h - 58 arrows (quivered)
Armour
 b - a +0 animal skin
 e - a +0 helmet (worn)
 n - a cursed -1 ring mail (worn)
 u - a +0 scale mail
Scrolls
 d - 4 scrolls of remove curse {unknown}
 g - 4 scrolls of identify {unknown}
 j - 2 scrolls of blinking {unknown}
 l - 3 scrolls of enchant armour {unknown}
 p - 2 scrolls of fog {unknown}
 s - a scroll of enchant weapon {unknown}
 v - a scroll of immolation {unknown}
Potions
 f - a potion of might
 m - 2 potions of brilliance {unknown}
 o - a potion of degeneration {unknown}
 r - a potion of curing {unknown}
 w - a potion of cure mutation {unknown}
 z - a potion of ambrosia {unknown}
 A - a potion of mutation {unknown}
Comestibles
 c - 2 bread rations
 i - 2 meat rations
 k - 3 fruits
 q - a slice of pizza
 t - 3 chunks of flesh
 x - a beef jerky


   Skills:
 + Level 6.1 Fighting
 + Level 6.5 Axes
 + Level 4.7 Armour
 + Level 3.5 Dodging


You had 6 spell levels left.
You didn't know any spells.

Dungeon Overview and Level Annotations

Branches:
Dungeon (4/15)
 Temple: D:4-7

Altars:


Message History

The adder bites you.
* * * LOW HITPOINT WARNING * * *
The adder closely misses you.
You slash the adder!
The adder is severely wounded.
The adder bites you.
* * * LOW HITPOINT WARNING * * *
The adder bites you.
* * * LOW HITPOINT WARNING * * *
You are poisoned.
The adder poisons you!
You miss the adder.
The adder is severely wounded.
You feel sick. The adder bites you.
* * * LOW HITPOINT WARNING * * *
The adder bites you.
* * * LOW HITPOINT WARNING * * *
You hit the adder but do no damage.
The adder is severely wounded.
You die...

#####...............
#...#.###.#.######## #.#.#
#.#.# ######.#.# # #.#.# ####
#......#.#.# #.#.#
....#####......#.#.###.#.#####
....))(()...................>#
.....####......#S#.........#.#
.....# #......#@#.........#.#
.....# #......#.#.........#.#
.....# ######.#.#.......#.#.#
...... #.#.#........<#.#
.....# #.#.##......###.####
###... #.#...........^.....
#.#############.####
#...............#
#################


You could see an adder.

Vanquished Creatures
  Sigmund (D:3)
  The ghost of nikopol the Chopper, an amateur HOBe of Trog (D:3)
  A phantom (D:4)
  2 orc wizards
  Natasha (thrice) (D:3)
  Robin (D:4)
  6 adders
  2 worms
  2 dart slugs (D:2)
  4 leopard geckos
  14 orcs
  5 giant cockroaches
  13 goblins
  9 hobgoblins
  4 jackals (D:3)
  10 kobolds
  4 quokkas
  8 bats
  5 frilled lizards
  A quokka skeleton (D:4)
  10 rats
106 creatures vanquished.

Notes
Turn   | Place    | Note
-------+----------+-------------------------------------------
     0 | D:1      | nikopol the Hill Orc Berserker began the quest for the Orb.
     0 | D:1      | Reached XP level 1. HP: 19/19 MP: 1/1
   430 | D:1      | Reached XP level 2. HP: 22/27 MP: 2/2
  1130 | D:2      | Reached XP level 3. HP: 33/33 MP: 3/3
  1389 | D:2      | You fall through a shaft!
  1402 | D:3      | Reached ** piety under Trog
  1973 | D:2      | Reached XP level 4. HP: 41/41 MP: 4/4
  2535 | D:3      | Noticed Natasha
  2547 | D:3      | Killed Natasha
  2762 | D:3      | Noticed Natasha
  2784 | D:3      | Killed Natasha
  2784 | D:3      | Reached XP level 5. HP: 38/47 MP: 5/5
  2880 | D:3      | Noticed nikopol's ghost (amateur HOBe)
  2985 | D:2      | Reached skill level 5 in Axes
  3134 | D:3      | Killed nikopol's ghost
  3134 | D:3      | Reached skill level 5 in Fighting
  3134 | D:3      | Reached XP level 6. HP: 49/56 MP: 6/6
  3310 | D:3      | Noticed Sigmund
  3328 | D:3      | Killed Sigmund
  3482 | D:3      | Noticed Natasha
  3490 | D:3      | Killed Natasha
  3490 | D:3      | Reached XP level 7. HP: 53/61 MP: 7/7
  3558 | D:3      | Reached *** piety under Trog
  4178 | D:4      | Noticed Robin
  4201 | D:4      | Killed Robin
  4260 | D:4      | HP: 1/63 [adder (3)]
  4261 | D:4      | Succumbed to an adder's poison

Skill      XL: |  1  2  3  4  5  6  7 |
---------------+----------------------+-----
Fighting       | 4 5 6 |  6.1
Dodging        | 2 3 |  3.5
Armour         | 3 4 |  4.7
Axes           | 5 6 |  6.5

Action                   |  1- 3 |  4- 6 |  7- 9 || total
-------------------------+-------+-------+-------++-------
Melee: Hand axe          |   160 |   158 |   168 ||   486
Invok: Berserk           |       |     4 |     2 ||     6
  Eat: Chunk             |     4 |     7 |     5 ||    16
       Beef jerky        |       |     1 |       ||     1
Armor: Animal skin       |    26 |       |       ||    26
       Ring mail         |    56 |    59 |    35 ||   150
Dodge: Dodged            |   112 |   118 |    65 ||   295
